 Dungeon Crawl Stone Soup version 0.28.0 (webtiles) character file.

Game seed: 11128783132453062682

46 freelancePsychic the Sneak (level 3, -6/24 HPs)
             Began as a Kobold Delver on Feb 4, 2022.
             Mangled by a human zombie (7 damage)
             ... in an ossuary.
             The game lasted 00:03:08 (1153 turns).

freelancePsychic the Sneak (Kobold Delver)          Turns: 1153, Time: 00:03:08

Health: -6/24      AC:  3    Str:  9    XL:     3   Next: 92%
Magic:  3/3        EV: 14    Int: 13    God:
Gold:   30         SH:  0    Dex: 16    Spells: 2/2 levels left

rFire   . . .      SeeInvis .   a - +0 short sword
rCold   . . .      Faith    .   (no shield)
rNeg    . . .      Spirit   .   b - +0 leather armour
rPois   .          Reflect  .   (no helmet)
rElec   .          Harm     .   (no cloak)
rCorr   .          Rampage  .   (no gloves)
Will    .....                   (no boots)
Stlth   ++++......              (no amulet)
HPRegen 0.08/turn               (no ring)
MPRegen 0.08/turn               (no ring)

@: marked
A: small, no large weapons, nightstalker 3
a: no special abilities


You were in an ossuary.
You visited 1 branch of the dungeon, and saw 2 of its levels.
You also visited: Ossuary.

You collected 30 gold pieces.

Inventory:

Hand Weapons
 a - a +0 short sword (weapon)
Armour
 b - a +0 leather armour (worn)
Wands
 d - a wand of iceblast (6)
 g - a wand of digging (3)
Scrolls
 c - a scroll of fog
 e - a scroll of fear


   Skills:
 + Level 3.9 Fighting
 + Level 3.7 Short Blades
 - Level 2.4 Dodging
 + Level 7.2 Stealth


You had 2 spell levels left.
You didn't know any spells.
Your spell library contained the following spells:

 Spells                   Type           Power      Damage    Failure   Level
 Corpse Rot               Necr/Air       0%         N/A       54%         2
 Poisonous Vapours        Pois/Air       0%         N/A       54%         2


Dungeon Overview and Level Annotations

Branches:
Dungeon (5/15)            Ossuary (1/1)
 Temple: D:4-7

Altars:


Innate Abilities, Weirdness & Mutations

You are small and have problems with some larger weapons.
You are completely attuned to the shadows.


Message History

You hit the orc zombie but do no damage.
The orc zombie is moderately damaged.
The centaur zombie misses you. The centaur zombie barely misses you.
The orc zombie barely misses you. The centaur zombie barely misses you.
The centaur zombie closely misses you. The centaur zombie misses you.
The centaur zombie barely misses you. The jackal zombie closely misses you.
The centaur zombie hits you. The centaur zombie closely misses you.
The jackal zombie bites you.
The centaur zombie hits you but does no damage.
The centaur zombie barely misses you.
An adder zombie comes into view.
The jackal zombie bites you. The centaur zombie hits you.
* * * LOW HITPOINT WARNING * * *
The centaur zombie kicks you but does no damage.
The centaur zombie closely misses you. The centaur zombie misses you.
The jackal zombie bites you but does no damage.
The adder zombie bites you but does no damage.
The centaur zombie hits you but does no damage.
The centaur zombie closely misses you. The adder zombie misses you.
The centaur zombie closely misses you.
The centaur zombie kicks you but does no damage.
The jackal zombie closely misses you.
The adder zombie bites you but does no damage.
The centaur zombie misses you.
The centaur zombie kicks you but does no damage.
You completely miss the human zombie.
The adder zombie bites you but does no damage.
The centaur zombie barely misses you. x2
The hobgoblin zombie closely misses you.
You hit the human zombie.
The human zombie is lightly damaged.
The adder zombie misses you. The centaur zombie hits you.
* * * LOW HITPOINT WARNING * * *
The centaur zombie barely misses you. The human zombie hits you.
* * * LOW HITPOINT WARNING * * *
The hobgoblin zombie hits you but does no damage.
The goblin zombie hits you but does no damage.
The human zombie hits you!
You die...

#......Z..........
#...##############
#...# # #...# #
#.Z.# # #...# #
#ZZ.# #...... #
#.Z.# #...... #
#@Z.# ###...... #
#ZZ.# ........Z #


#ZZZ# #ZZ# # #.M.# #..# # #..Z# #.Z# # #...######Z.###### #...........Z.Z...
#........8..8..... #................. You could see a mummy, an adder zombie, a
jackal zombie, 2 goblin zombies, 2 hobgoblin zombies, an orc zombie, 2 centaur
zombies and 2 human zombies.

Vanquished Creatures
  An iguana (D:4)
  An endoplasm (D:4)
  2 hobgoblins (D:4)
  8 hobgoblin zombies (Ossuary)
  7 kobold zombies (Ossuary)
  8 orc zombies (Ossuary)
27 creatures vanquished.

Notes
Turn   | Place    | Note
-------+----------+-------------------------------------------
     0 | D:5      | freelancePsychic the Kobold Delver began the quest for the
                  | Orb.
     0 | D:5      | Reached XP level 1. HP: 14/14 MP: 1/1
    14 | D:5      | Noticed a wraith
   235 | D:4      | Noticed an orc wizard
   317 | D:4      | Noticed an orc priest
   333 | D:4      | Noticed an iguana
   337 | D:4      | Killed an iguana
   338 | D:4      | Reached skill level 7 in Stealth
   338 | D:4      | Reached XP level 2. HP: 3/20 MP: 2/2
   338 | D:4      | Reached XP level 3. HP: 4/24 MP: 3/3
   694 | D:4      | Found a sand-covered staircase.
   699 | Ossuary  | Entered an ossuary
  1152 | Ossuary  | HP: 1/24 [human zombie (3)]
  1153 | Ossuary  | Mangled by a human zombie

Illustrated notes

Levels and vault maps discovered:
D:4:      nicolae_BIG_FREAKIN_CUBE, layout_rooms, minmay_temple_entry_slanted,
          nicolae_ossuary_entry_false_entrances,
          hangedman_decor_clover_reticule, dk_noncrumbling_3
D:5:      layout_rooms, minmay_between
Ossuary:  ossuary_tomb_1

Skill      XL: |  1 |
---------------+----+-----
Short Blades   | 3 |  3.7
Stealth        | 7 |  7.2
Fighting       | |  3.9
Dodging        | |  2.4

Action                   || total
-------------------------++-------
Melee: Short sword       ||   108
       Punch             ||     3
  Use: Scroll            ||     1
       Potion            ||     2
 Stab: Sleeping          ||    10
Armor: Leather armour    ||    42
Dodge: Dodged            ||    98
